 Dungeon Crawl Stone Soup version 0.25-a0-365-g7600c65aa0 (webtiles) character file.

Game seed: 11089523363048906399, levelgen mode: deterministic

137 pk666 the Magician (level 5, -8/28 HPs)
             Began as a Deep Elf Wizard on Jan 5, 2020.
             Mangled by a gnoll
             ... wielding a +0 spear
              (9 damage)
             ... on level 4 of the Dungeon.
             The game lasted 00:04:36 (2861 turns).

pk666 the Magician (Deep Elf Wizard)                Turns: 2861, Time: 00:04:36

Health: -8/28      AC:  3    Str:  4    XL:     5   Next: 0%
Magic:  0/14       EV: 13    Int: 24    God:
Gold:   150        SH:  0    Dex: 13    Spells: 3/14 levels left

rFire    + . .     SeeInvis .   n - +0 dagger
rCold    + . .     Gourm    .   (no shield)
rNeg     . . .     Faith    .   a - +0 robe
rPois    +         Spirit   .   b - +0 hat
rElec    +         Reflect  .   (no cloak)
rCorr    +         Harm     .   (no gloves)
MR       .....     Rnd*Rage +   m - +0 pair of boots
Stlth    ++........             (no amulet)
HPRegen  0.09/turn              (no ring)
MPRegen  0.14/turn              (no ring)

@: resistant, flying
A: claws 1, berserk 1, sturdy frame 1
a: no special abilities


You were on level 4 of the Dungeon.
You were near starving.

You visited 1 branch of the dungeon, and saw 4 of its levels.

You collected 150 gold pieces.

Inventory:

Hand Weapons
 n - a +0 dagger (weapon)
Armour
 a - a +0 robe (worn)
 b - a +0 hat (worn)
 m - a +0 pair of boots (worn)
Jewellery
 f - an uncursed ring of fire
Scrolls
 g - a scroll of remove curse {unknown}
 i - a scroll of fear {unknown}
 j - a scroll of random uselessness {unknown}
 l - 3 scrolls of identify {unknown}
 o - 2 scrolls of enchant weapon {unknown}
 p - a scroll of teleportation {unknown}
 q - a scroll of magic mapping {unknown}
Potions
 c - a potion of heal wounds {unknown}
 h - a potion of flight
 k - a potion of mutation
 r - a potion of cancellation
Comestibles
 d - 6 rations


   Skills:
 - Level 3.2 Dodging
 - Level 2.4 Stealth
 + Level 5.4 Spellcasting
 + Level 2.7 Conjurations
 + Level 1.8 Summonings
 - Level 1.1 Translocations
 + Level 1.2 Fire Magic
 + Level 1.0 Air Magic
 + Level 1.2 Poison Magic


You had 3 spell levels left.
You knew the following spells:

 Your Spells              Type           Power        Failure   Level  Hunger
a - Magic Dart            Conj           ###.         2%          1    None
b - Blink                 Tloc           N/A          9%          2    None
c - Conjure Flame         Conj/Fire      ###.....     12%         3    #......
d - Mephitic Cloud        Conj/Pois/Air  ##......     13%         3    #......
e - Call Imp              Summ           ###.....     6%          2    None

Your spell library contained the following spells:

 Spells                   Type           Power        Failure   Level  Hunger
 Slow                     Hex            #.......     13%         2    None


Dungeon Overview and Level Annotations

Branches:
Dungeon (4/15)
 Temple: D:4-7

Altars:
Dithmenos
Makhleb
Uskayaw
Zin


Innate Abilities, Weirdness & Mutations

You have sharp fingernails.
You tend to lose your temper in combat.
Your movements are slightly less encumbered by armour. (ER -2)


Message History

Press: ? - help, Shift-Dir - straight line, f/p - gnoll
Aim: a gnoll, wielding a +0 spear (moderately wounded)
The magic dart hits the gnoll.
The gnoll is heavily wounded.
The gnoll hits you with a +0 spear.
* * * LOW HITPOINT WARNING * * *
It was a potion of mutation.
You feel extremely strange.
You feel a little pissed off.
Your fingernails lengthen.
You feel less encumbered by your armour.
The gnoll hits you with a +0 spear.
* * * LOW HITPOINT WARNING * * *
It was a potion of cancellation.
You feel magically purged. The gnoll barely misses you.
It was a potion of flight.
You feel very buoyant.
You fly up into the air.
The gnoll barely misses you.
It was a potion of resistance.
You feel protected. The gnoll hits you with a +0 spear!
You die...

#.#
#########.#
#......##.#
####.##.#
#.....5.#
#.#.#####
#.#.# #g#.#
#@#.# #<#.#
###.# ..#


You could see a gnoll.

Vanquished Creatures
  2 worker ants (D:4)
  5 gnolls
  An ooze (D:2)
  2 dart slugs
  A leopard gecko (D:1)
  An orc (D:3)
  6 bats
  2 giant cockroaches (D:2)
  3 goblins
  5 hobgoblins
  4 jackals (D:1)
  3 kobolds
  A quokka (D:2)
  A frilled lizard (D:1)
  4 rats
41 creatures vanquished.

Notes
Turn   | Place    | Note
-------+----------+-------------------------------------------
     0 | D:1      | pk666 the Deep Elf Wizard began the quest for the Orb.
     0 | D:1      | Reached XP level 1. HP: 10/10 MP: 7/7
   158 | D:1      | Reached XP level 2. HP: 15/15 MP: 1/9
  1544 | D:1      | Reached skill level 5 in Spellcasting
  1544 | D:1      | Reached XP level 3. HP: 10/19 MP: 1/11
  1687 | D:1      | Learned a level 2 spell: Blink
  1691 | D:1      | Learned a level 3 spell: Conjure Flame
  1695 | D:1      | Learned a level 3 spell: Mephitic Cloud
  1698 | D:1      | Learned a level 2 spell: Call Imp
  1784 | D:2      | Found a burning altar of Makhleb.
  2012 | D:2      | Reached XP level 4. HP: 24/24 MP: 2/13
  2399 | D:2      | Found a glowing silver altar of Zin.
  2477 | D:2      | You fall into a shaft and drop 1 floor!
  2477 | D:3      | Found a shadowy altar of Dithmenos.
  2617 | D:4      | Noticed a +0 dagger
  2617 | D:4      | Noticed a +0 dagger
  2619 | D:4      | Found a hide-covered altar of Uskayaw.
  2671 | D:4      | Reached skill level 1 in Fire Magic
  2671 | D:4      | Reached skill level 1 in Poison Magic
  2794 | D:4      | Reached skill level 1 in Air Magic
  2849 | D:4      | Reached XP level 5. HP: 19/28 MP: 1/14
  2858 | D:4      | Gained mutation: You tend to lose your temper in combat.
                  | [potion of mutation]
  2858 | D:4      | Gained mutation: You have sharp fingernails. [potion of
                  | mutation]
  2858 | D:4      | Gained mutation: Your movements are slightly less
                  | encumbered by armour. (ER -2) [potion of mutation]
  2858 | D:4      | HP: 1/28 [gnoll/+0 spear (5)]
  2861 | D:4      | Mangled by a gnoll

Levels and vault maps discovered:
D:1:      shiori_shiawase, layout_basic, nrook_mini_backslash, hex_large,
          corexii_hall_statues_deadend, minmay_vboxes
D:2:      layout_rooms, lemuel_round_altar, marbit_many_paths,
          lemuel_round_altar, first_ration, minmay_tromino_v4_b,
          uniq_crazy_yiuf_cottage
D:3:      layout_basic, grunt_dithmenos_smoke_and_mirrors,
          okawaru_ov_weapons_minmay
D:4:      layout_basic, dancing_weapons_uskayaw, serial_shops,
          nicolae_shop_trees, shop, kennysheep_little_box, shop, shop_statue,
          minmay_misc_feat_diagonals

Skill      XL: |  1  2  3  4 |
---------------+-------------+-----
Dodging        | 3 |  3.2
Conjurations   | 2 |  2.7
Spellcasting   | 5 |  5.4
Fire Magic     | 1 |  1.2
Poison Magic   | 1 |  1.2
Air Magic      | 1 |  1.0
Stealth        | |  2.4
Summonings     | |  1.8
Translocations | |  1.1

Action                   |  1- 3 |  4- 6 || total
-------------------------+-------+-------++-------
Melee: Dagger            |    20 |    15 ||    35
 Cast: Magic Dart        |    91 |    44 ||   135
       Conjure Flame     |       |     2 ||     2
       Mephitic Cloud    |       |     2 ||     2
       Blink             |       |     1 ||     1
       Call Imp          |       |     1 ||     1
  Use: Potion            |       |     4 ||     4
  Eat: Chunk             |     2 |     2 ||     4
Armor: Robe              |    12 |    12 ||    24
Dodge: Dodged            |    59 |    24 ||    83

Table legend:
 A = Non-vault XP
 B = Vault XP
 C = Vault XP percentage of total XP
 D = Non-vault monster count
 E = Vault monster count
 F = Vault count percentage of total count
                 A         B        C        D         E       F
            +---------+---------+-------+---------+---------+-------
      Total |     185 |      11 |   5.6 |      36 |       5 |  12.2
            +---------+---------+-------+---------+---------+-------
        D:1 |      43 |       9 |  17.3 |      18 |       4 |  18.2
        D:2 |      53 |       2 |   3.6 |      13 |       1 |   7.1
        D:3 |       3 |       0 |   0.0 |       1 |       0 |   0.0
        D:4 |      86 |       0 |   0.0 |       4 |       0 |   0.0
            +---------+---------+-------+---------+---------+-------
